 Dungeon Crawl Stone Soup version 0.29.1-2-gbd0b4ee654 (webtiles) character file.

Game seed: 15195942220095638441

12262 DildoBatman the Black Sun (level 12, -2/92 HPs)
             Began as a Formicid Conjurer on Nov 1, 2022.
             Was a High Priest of Kikubaaqudgha.
             Killed from afar by an electric eel (5 damage)
             ... with a bolt of electricity
             ... on level 11 of the Dungeon.
             The game lasted 00:50:29 (13469 turns).

DildoBatman the Black Sun (Formicid Conjurer)      Turns: 13469, Time: 00:50:30

Health: -2/92      AC:  8    Str: 12    XL:     12   Next: 18%
Magic:  22/22      EV: 14    Int: 30    God:    Kikubaaqudgha [*****.]
Gold:   774        SH: 12    Dex: 18    Spells: 10/25 levels left

rFire   . . .      SeeInvis +   a - +11 quarterstaff of Wondrous Power {drain, rC+ Dex+2}
rCold   + . .      Faith    +   O - +0 kite shield
rNeg    . . .      Spirit   .   C - +1 robe of Woes {*Slow Int+5}
rPois   +          Reflect  .   (helmet unavailable)
rElec   .          Harm     .   P - +2 cloak
rCorr   .          Rampage  .   (no gloves)
Will    +....                   B - +0 pair of boots
Stlth   +.........              g - amulet of faith
HPRegen 0.25/turn               R - +6 ring of intelligence
MPRegen 0.18/turn               I - ring of poison resistance

@: very slow
A: permanent stasis, dig shafts and tunnels, antennae 3, four strong arms
a: Dig, Shaft Self, Renounce Religion, Unearth Wretches, Torment


You were on level 11 of the Dungeon.
You worshipped Kikubaaqudgha.
Kikubaaqudgha was extremely pleased with you.
You visited 2 branches of the dungeon, and saw 12 of its levels.
You also visited: Sewer.

You collected 774 gold pieces.

Inventory:

Hand Weapons
 a - the +11 quarterstaff of Wondrous Power (weapon) {drain, rC+ Dex+2}
   (You found it on level 7 of the Dungeon)

   A truly terrible weapon, it drains the life of any living foe it strikes.
   Dex:       It affects your dexterity (+2).
   rC:        It protects you from cold.
 b - the +3 dagger of Lezo {vorpal, rF+ rC- Dex+2 Stlth+}
   (You found it on level 3 of the Dungeon)

   It inflicts extra damage upon your enemies.
   Dex:       It affects your dexterity (+2).
   rF:        It protects you from fire.
   rC:        It makes you vulnerable to cold.
   Stlth:     It makes you more stealthy.
 c - a +0 arbalest
Missiles
 e - 3 throwing nets
 s - 7 javelins
 t - 116 stones
 E - 11 curare-tipped darts
 F - 17 poisoned darts
Armour
 d - +0 acid dragon scales
 B - a +0 pair of boots (worn)
 C - the +1 robe of Woes (worn) {*Slow Int+5}
   (You found it on level 6 of the Dungeon)

   Int:       It affects your intelligence (+5).
   *Slow:     It may slow you when you take damage.
 H - a +2 robe of willpower
 O - a +0 kite shield (worn)
 P - a +2 cloak (worn)
 T - the +0 ring mail of Exclusion {*Slow Fly rF++ rC+}
   (You found it on level 9 of the Dungeon)

   rF:        It greatly protects you from fire.
   rC:        It protects you from cold.
   Fly:       It grants you flight.
   *Slow:     It may slow you when you take damage.
Magical Staves
 J - a staff of cold
 U - a staff of fire
Jewellery
 g - an amulet of faith (around neck)
 r - an amulet of regeneration
 v - a ring of protection from cold
 w - the amulet of the Four Winds {rN+ Will+++ Clar}
   (You found it in a sewer)

   [amulet of nothing]

   rN:        It protects you from negative energy.
   Clar:      It protects you against confusion.
   Will:      It greatly increases your willpower.
 I - a ring of poison resistance (right hand)
 R - a +6 ring of intelligence (left hand)
Wands
 i - a wand of flame (5)
 q - a wand of mindburst (12)
 G - a wand of polymorph (7)
 K - a wand of charming (17)
Scrolls
 f - 7 scrolls of enchant armour
 j - 4 scrolls of amnesia
 l - 3 scrolls of brand weapon
 p - a scroll of vulnerability {unknown}
 u - a scroll of noise {unknown}
 x - 3 scrolls of fog
 z - a scroll of identify
 A - a scroll of torment {unknown}
 D - 3 scrolls of poison {unknown}
 L - a scroll of fear {unknown}
Potions
 h - a potion of brilliance {unknown}
 k - a potion of berserk rage {unknown}
 m - 5 potions of curing
 n - 3 potions of heal wounds
 o - a potion of flight {unknown}
 y - a potion of magic
 M - a potion of resistance {unknown}
 N - 4 potions of lignification
 Q - a potion of cancellation
 S - a potion of invisibility {unknown}


   Skills:
 * Level 8.0 Fighting
 * Level 8.0 Armour
 * Level 5.9 Dodging
 - Level 3.0 Stealth
 - Level 9.0 Shields
 - Level 7.0 Spellcasting
 - Level 6.0 Conjurations
 - Level 9.0 Necromancy
 * Level 1.5 Ice Magic


You had 10 spell levels left.
You knew the following spells:

 Your Spells              Type           Power      Damage    Failure   Level
a - Searing Ray           Conj           92%        2d7       1%          2
c - Magic Dart            Conj           100%       1d8       1%          1
d - Vampiric Draining     Necr           59%        2d10      1%          3
g - Ozocubu's Armour      Ice            19%        N/A       14%         3
h - Dispel Undead         Necr           59%        3d21      2%          4
z - Sublimation of Blood  Necr           59%        N/A       1%          2

Your spell library contained the following spells:

 Spells                   Type           Power      Damage    Failure   Level
 Necrotise                Necr           100%       1d9       1%          1
 Animate Dead             Necr           59%        N/A       2%          4
 Agony                    Necr           59%        N/A       6%          5
 Dazzling Flash           Conj/Hex       56%        N/A       8%          3
 Slow                     Hex            40%        N/A       9%          1
 Anguish                  Hex/Necr       18%        N/A       14%         4
 Confusing Touch          Hex            10%        N/A       26%         3
 Portal Projectile        Hex/Tloc       20%        N/A       26%         3
 Tukima's Dance           Hex            10%        N/A       26%         3
 Corpse Rot               Necr/Pois/Air  28%        N/A       26%         4
 Fulminant Prism          Conj/Hex       14%        3d9       26%         4
 Iskenderun's Mystic Bla  Conj/Tloc      28%        2d7       26%         4
 Death Channel            Necr           29%        N/A       34%         6
 Simulacrum               Ice/Necr       21%        N/A       85%         6
 Metabolic Englaciation   Hex/Ice        7%         N/A       88%         5
 Blade Hands              Tmut           5%         N/A       94%         5
 Lee's Rapid Deconstruct  Erth           5%         3d7*      94%         5


Dungeon Overview and Level Annotations

Branches:
Dungeon (11/15)            Temple (1/1) D:5            Lair (0/5) D:11
  Sewer (visited)
    Orc: D:9-12

Altars:
Ashenzari
Cheibriados
Dithmenos
Elyvilon
Fedhas
Gozag
Hepliaklqana
Kikubaaqudgha
Makhleb
Nemelex Xobeh
Okawaru
Qazlal
Ru
Sif Muna
Trog
Uskayaw
Vehumet
Wu Jian
Xom
Yredelemnul
Zin
The Shining One

Annotations:
D:6 3 runed translucent doors, DildoBatman's ghost, amateur FoCj
D:10 2 transporters, exclusions: obsidian statue and two-headed ogre


Innate Abilities, Weirdness & Mutations

You cannot be hasted, slowed, berserked, paralysed or teleported.
You can dig through walls and to a lower floor.
You have a pair of large antennae on your head. (SInv)
Your four strong arms can wield two-handed weapons with a shield.


Message History

There is an open door here.
You open the door.
There is an open door here.
As you open the door, it creaks loudly!
There is an open door here.
You open the door.
There is an open door here.
Found a staircase to the Lair.
Found a stone staircase leading up.
Unknown command.
You open the door.
Found a short sword.
Unknown command.
An electric eel comes into view.
You enter the shallow water.
Moving in this stuff is going to be slow.
An electric eel comes into view.
The electric eel shoots out a bolt of lightning at you!
The bolt of electricity hits you!
You hear a howl!
Found a scroll labelled OSYNEFA ILUI.
The electric eel shoots out a bolt of lightning at you!
The bolt of electricity hits you!
The electric eel shoots out a bolt of lightning at you!
The bolt of electricity hits you.
You hear a howl!
A wolf comes into view.
The wolf howls!
The electric eel shoots out a bolt of lightning at you!
The bolt of electricity hits you!
The electric eel shoots out a bolt of lightning at you!
The bolt of electricity hits you!
You enter the shallow water.
Moving in this stuff is going to be slow.
The electric eel shoots out a bolt of lightning at you!
The bolt of electricity hits you!
The electric eel shoots out a bolt of lightning at you!
The bolt of electricity hits you.
You die...
Kikubaaqudgha rasps: "You have failed me!
Welcome... death!"

?.##....#......')# ......
...............### ......
~..............# ......
.~.~...~.......# ......
..~≈~.≈~.......# ######
~.~≈~~~.~.~~~..# #...
..~≈≈≈≈~~≈~....# ####.##
~≈~~~≈≈~~≈≈....#####......
≈≈S≈.~.~.@~~~.###.........
≈≈≈≈~....≈~≈..###.##......
≈≈≈S..>.~.≈~..##..##......
≈≈≈≈~.....~...'..###......
~≈≈≈~..h.~~~..#### #......
≈≈≈≈~~.~.~≈~..# #......
.≈~≈≈≈..~~≈...# #......
~~.≈~.~≈≈~...# #..>...
.~≈≈≈~..# #......


You could see a wolf and 2 electric eels.

Vanquished Creatures
  A two-headed ogre (D:11)
  A flayed ghost (D:9)
  Pikel (D:4)
  Joseph (D:8)
  An unseen horror (D:10)
  Maggie (D:7)
  A troll (D:11)
  2 hornets
  Grinder (D:3)
  2 wraiths (D:9)
  A wyvern (D:8)
  2 vampires
  9 fire bats (D:9)
  3 shadows (D:9)
  Eustachio (D:5)
  9 yaks
  Grum (D:8)
  A steam dragon (D:10)
  Edmund (D:5)
  An acid dragon (D:10)
  4 orc warriors
  A black bear (D:6)
  2 ogres (D:5)
  5 wolves
  5 centaurs
  2 lemures (D:4)
  2 phantoms
  5 kobold brigands
  Blork the orc (D:5)
  A necrophage (D:4)
  4 bullfrogs
  2 gnoll sergeants (D:7)
  3 scorpions
  4 wights (D:8)
  4 killer bees (D:7)
  4 howler monkeys
  8 hounds
  3 jellies
  6 orc priests
  4 gnoll boudas
  3 iguanas
  Jessica (D:2)
  Ijyb (D:5)
  8 orc wizards
  24 gnolls
  10 adders
  A river rat (D:5)
  4 white imps (D:6)
  A worm (D:3)
  3 dart slugs
  22 orcs
  14 endoplasms
  13 giant cockroaches
  8 hobgoblins
  19 kobolds
  3 quokkas
  12 ball pythons
  85 bats
  13 frilled lizards
  5 goblins
  8 rats
369 creatures vanquished.

Vanquished Creatures (others)
  3 fungi (D:6)
  A plant (D:6)
4 creatures vanquished.

Grand Total: 373 creatures vanquished

Notes
Turn   | Place    | Note
-------+----------+-------------------------------------------
     0 | D:1      | DildoBatman the Formicid Conjurer began the quest for the
                  | Orb.
     0 | D:1      | Reached XP level 1. HP: 13/13 MP: 3/3
   177 | D:1      | Reached XP level 2. HP: 16/19 MP: 1/5
   184 | D:1      | Learned a level 2 spell: Searing Ray
   583 | D:1      | Found a faded altar of an unknown god.
   741 | D:1      | Reached XP level 3. HP: 24/24 MP: 3/6
  1018 | D:2      | Noticed Jessica
  1101 | D:2      | Found a burning altar of Makhleb.
  1513 | D:2      | Reached XP level 4. HP: 28/30 MP: 1/7
  1814 | D:3      | Reached skill level 5 in Conjurations
  2009 | D:3      | Found a radiant altar of Vehumet.
  2118 | D:3      | Noticed Grinder
  2629 | D:3      | Identified the +3 dagger of Lezo {vorpal, rF+ rC- Dex+2
                  | Stlth+}
  3088 | D:4      | Noticed a necrophage
  3289 | D:4      | Reached XP level 5. HP: 24/35 MP: 4/8
  3605 | D:4      | Noticed Pikel
  3888 | D:4      | Noticed a lemure
  4196 | D:4      | Noticed a lemure
  4214 | D:4      | Noticed a lemure
  4357 | D:4      | Reached XP level 6. HP: 8/41 MP: 1/10
  4493 | D:5      | Entered Level 5 of the Dungeon
  4580 | D:5      | Noticed Blork the orc
  4593 | D:5      | Noticed Ijyb
  4615 | D:5      | HP: 2/41 [Ijyb/bolt of light (14)]
  4625 | D:5      | Killed Ijyb
  4778 | D:5      | Found a glowing drain.
  4836 | Sewer    | Entered a sewer
  4886 | Sewer    | Reached XP level 7. HP: 46/46 MP: 8/13
  5317 | Sewer    | Found the amulet of the Four Winds {rN+ Will+++ Clar}
  5333 | Sewer    | Reached skill level 1 in Fighting
  5333 | Sewer    | Reached skill level 1 in Armour
  5370 | Sewer    | Reached skill level 5 in Spellcasting
  5555 | D:5      | Reached XP level 8. HP: 48/57 MP: 5/15
  5748 | D:5      | Noticed Edmund
  6205 | D:5      | Found a staircase to the Ecumenical Temple.
  6223 | Temple   | Entered the Ecumenical Temple
  6615 | D:5      | Noticed Eustachio
  6955 | D:6      | Found a runed translucent gate.
  6956 | D:6      | Found a runed translucent gate.
  6957 | D:6      | Found a runed translucent gate.
  7037 | D:6      | Noticed DildoBatman's ghost (amateur FoCj)
  7310 | D:6      | Found a shadowy altar of Dithmenos.
  7479 | D:6      | Identified the +1 robe of Woes {*Slow Int+5}
  7498 | D:6      | Found an ancient bone altar of Kikubaaqudgha.
  7512 | D:6      | Became a worshipper of Kikubaaqudgha
  7700 | D:2      | Killed Jessica
  7848 | D:3      | Killed Grinder
  7849 | D:3      | Reached XP level 9. HP: 59/65 MP: 14/19
  8159 | D:4      | Killed Pikel
  8160 | D:4      | Reached skill level 5 in Fighting
  8160 | D:4      | Reached skill level 5 in Armour
  8212 | D:5      | Killed Edmund
  8232 | D:5      | Killed Blork the orc
  8291 | D:5      | Killed Eustachio
  8292 | D:5      | Reached skill level 5 in Necromancy
  8459 | D:6      | Found an ornate altar of the Wu Jian Council.
  8629 | D:6      | Learned a level 3 spell: Vampiric Draining
  8802 | D:7      | Reached * piety under Kikubaaqudgha
  8802 | D:7      | Received a gift from Kikubaaqudgha
  8808 | D:7      | Learned a level 2 spell: Sublimation of Blood
  8850 | D:7      | Found a blossoming altar of Fedhas.
  8868 | D:7      | Identified the +11 quarterstaff of Wondrous Power {drain,
                  | rC+ Dex+2}
  8873 | D:7      | Identified the +9 dagger "Saygum" {vorpal, rPois Str+5}
  8875 | D:7      | Noticed Maggie
  9139 | D:7      | Reached XP level 10. HP: 74/74 MP: 20/20
  9535 | D:8      | Noticed Grum
  9551 | D:8      | HP: 3/74 [Grum/-2 spear of flaming (1)]
  9552 | D:8      | Killed Grum
  9705 | D:8      | Reached ** piety under Kikubaaqudgha
  9815 | D:8      | Noticed Joseph
  9911 | D:8      | Reached skill level 1 in Shields
 10328 | D:7      | Killed Maggie
 10329 | D:7      | Reached skill level 5 in Shields
 10606 | D:8      | Killed Joseph
 10776 | D:8      | Reached XP level 11. HP: 39/79 MP: 18/21
 10784 | D:9      | Reached *** piety under Kikubaaqudgha
 10784 | D:9      | Received a gift from Kikubaaqudgha
 10790 | D:9      | Learned a level 4 spell: Dispel Undead
 10803 | D:9      | Found a glowing golden altar of the Shining One.
 11294 | D:9      | Reached **** piety under Kikubaaqudgha
 11348 | D:9      | Reached ***** piety under Kikubaaqudgha
 11352 | D:9      | Found a radiant altar of Vehumet.
 11420 | D:9      | Found a glowing silver altar of Zin.
 11469 | D:9      | Found a shimmering blue altar of Sif Muna.
 11480 | D:9      | Found a runed translucent door.
 11481 | D:9      | Found an opulent altar of Gozag.
 11482 | D:9      | Found a hide-covered altar of Uskayaw.
 11487 | D:9      | Noticed a flayed ghost
 11515 | D:9      | Found a blossoming altar of Fedhas.
 12018 | D:9      | Killed a flayed ghost
 12027 | D:9      | Identified the +0 ring mail of Exclusion {*Slow Fly rF++
                  | rC+}
 12196 | D:10     | Entered Level 10 of the Dungeon
 12281 | D:10     | Found a broken altar of Ashenzari.
 12313 | D:10     | Found a transporter.
 12374 | D:10     | Reached skill level 5 in Dodging
 12437 | D:10     | Found a transporter.
 12492 | D:10     | Noticed an obsidian statue
 12530 | D:10     | Noticed a two-headed ogre
 12752 | D:10     | Reached XP level 12. HP: 89/91 MP: 15/22
 12807 | D:10     | Found a bloodstained altar of Trog.
 13200 | D:11     | Learned a level 3 spell: Ozocubu's Armour
 13358 | D:11     | Noticed a two-headed ogre
 13381 | D:11     | Killed a two-headed ogre
 13382 | D:11     | Reached skill level 1 in Ice Magic
 13448 | D:11     | Found a staircase to the Lair.
 13469 | D:11     | HP: 3/92 [electric eel/bolt of electricity (9)]
 13469 | D:11     | Killed from afar by an electric eel

Illustrated notes

Levels and vault maps discovered:
D:1:      evilmike_arrival_hilbert_curve, layout_loops_ring,
          shapermc_ecumenical_altar_mp_vishouse
D:2:      layout_loops_cross, basic_altar, st_stairs_2, uniq_jessica
D:3:      cheibrodos_thug_alley, layout_basic, mainiacjoe_overflow_alcove_1,
          st_stairs_12, uniq_grinder
D:4:      layout_cave_pods, uniq_pikel
D:5:      layout_loops_cross, temple_fountains, portal_sewer_entry_b,
          uniq_eustachio, uniq_edmund, uniq_ijyb, uniq_blork_the_orc
D:6:      layout_loops_ring, grunt_dithmenos_shadows,
          mainiacjoe_overflow_two_lobes, gammafunk_ghost_nasty_kobolds,
          kennysheep_generic_room_12
D:7:      layout_cave_pools, mainiacjoe_overflow_24_doors, serial_gnoll_camp,
          gnoll_camp_mini_house, gnoll_camp_mini_house,
          gnoll_camp_mini_sergeant, gnoll_camp_mini_house, gnoll_camp_mini_hut,
          uniq_maggie
D:8:      layout_rooms, uniq_grum, uniq_joseph
D:9:      due_megacathedral, layout_cave_pods,
          mainiacjoe_overflow_concentric_impassable, st_stairs_5, minmay_puff
D:10:     gammafunk_worm_tunnel, layout_long_grid, marbit_many_paths,
          nicolae_ashenzari_panopticon, minivault_16
D:11:     layout_roguey, erik_lair_island, uniq_harold
Temple:   minmay_temple_curvy_branch

Skill      XL: |  1  2  3  4  5  6  7  8  9 10 11 12 |
---------------+-------------------------------------+-----
Conjurations   | 4 5 6 |  6.0
Spellcasting   | 3 4 5 7 |  7.0
Fighting       | 2 4 5 7 8 |  8.0
Armour         | 2 4 5 7 8 |  8.0
Dodging        | 2 3 5 |  5.9
Stealth        | 3 |  3.0
Necromancy     | 6 9 |  9.0
Shields        | 8 9 |  9.0
Ice Magic      | 1 |  1.5

Action                   |  1- 3 |  4- 6 |  7- 9 | 10-12 || total
-------------------------+-------+-------+-------+-------++-------
Melee: Unarmed           |     9 |       |    27 |       ||    36
       Short sword       |    15 |     4 |       |       ||    19
       Dagger            |       |    23 |    19 |    23 ||    65
       Quarterstaff      |       |       |     6 |   226 ||   232
       Punch             |       |       |       |     1 ||     1
 Fire: Arbalest          |       |       |    14 |    10 ||    24
 Cast: Magic Dart        |    69 |    69 |    71 |     2 ||   211
       Searing Ray       |     2 |    17 |    61 |    34 ||   114
       Vampiric Draining |       |       |       |    42 ||    42
       Dispel Undead     |       |       |       |    12 ||    12
 Abil: Dig               |       |       |       |     2 ||     2
  Use: Scroll            |       |     2 |       |     8 ||    10
       Potion            |       |     1 |       |     1 ||     2
 Stab: Sleeping          |     1 |       |     5 |     2 ||     8
       Distracted        |       |       |       |     1 ||     1
Armor: Robe              |     4 |     6 |    13 |    85 ||   108
       Skin              |       |       |     8 |       ||     8
Dodge: Dodged            |    19 |    24 |    49 |   246 ||   338
Block: Kite shield       |       |       |       |   267 ||   267
